Description

1/1/1 Raven then 3/1/1

Replay - LiquidClem v LiquidMaNa: Game 2 - Ice and Chrome LE

Build Order

Get SALT Encoding   

  12  0:00  SCV  
  13  0:12  SCV  
  14  0:16  Supply Depot  
  14  0:24  SCV  
  15  0:38  SCV, Barracks  
  16  0:43  Refinery  
  16  0:50  SCV  
  17  1:02  SCV  
  18  1:14  SCV  
  20  1:25  Reaper  
  20  1:26  Orbital Command  
  20  1:39  Command Center  
  20  1:47  Supply Depot  
  20  1:52  SCV  
  21  1:57  Marine  
  22  2:06  Bunker  
  22  2:11  Factory  
  22  2:14  SCV  
  23  2:20  Barracks Reactor  
  23  2:24  Refinery  
  23  2:26  SCV  
  26  2:51  Orbital Command  
  26  2:55  Hellion  
  26  2:57  Marine x2  
  26  2:58  Starport  
  31  3:15  Marine x2  
  34  3:22  Factory Tech Lab  
  35  3:33  Marine x2  
  37  3:44  Raven  
  37  3:46  Factory Tech Lab  
  37  3:47  Bunker  
  40  3:51  Supply Depot  
  40  3:53  Marine x2  
  43  3:57  Barracks  
  44  4:06  Barracks  
  45  4:13  Siege Tank  
  50  4:17  Supply Depot  
  50  4:20  Marine  
  52  4:27  Engineering Bay  
  54  4:34  Supply Depot, Refinery  
  58  4:46  Siege Tank  
  58  4:51  Stimpack  
  62  4:57  Marauder  
  65  5:00  Barracks Tech Lab  
  68  5:07  Starport Reactor  
  68  5:09  Refinery  
  69  5:14  Terran Infantry Weapons Level 1  
  70  5:21  Marauder  
  75  5:29  Marauder  
  75  5:32  Combat Shield  
  78  5:43  Marauder  
  82  5:50  Marauder  
  82  5:55  Medivac x2  
  90  6:05  Marauder  
  92  6:11  Siege Tank  
  92  6:16  Marauder  
  97  6:19  Command Center  
  99  6:30  Marauder  
  100  6:39  Barracks x2  
  101  6:40  Marauder  
  105  6:48  Siege Tank  
  108  6:55  Marauder  
  108  6:57  Medivac x2  
  108  7:21  Terran Infantry Armor Level 1  
  114  7:25  Siege Tank  
  117  7:33  Barracks Tech Lab  
  119  7:43  Barracks Reactor  
  123  7:48  Orbital Command  
  123  7:49  Medivac x2  
  133  7:58  Concussive Shells  
  126  8:12  Siege Tank  
  137  8:27  Missile Turret  
  143  8:36  Missile Turret  
  143  8:41  Medivac  
  147  8:44  Siege Tank  
  147  8:45  Refinery x2  
  164  9:16  Siege Tank  
  163  9:17  Medivac  
  156  9:25  Barracks x2  
  153  9:34  Barracks  
  153  9:35  Ghost Academy  
  136  9:50  Siege Tank  
Spawning Tool Build Advisor. Get it on Overwolf

Analysis

It's a good build. :)

Go to:

Details

  • Created by: Zarmoxis
  • Published on: Sep 17, 2020
  • Modified on: Sep 17, 2020
  • Patch: 4.11.0
  • Difficulty: Medium
Show
View Real Time Build Order
Export as new Build Order

Comments (0)

There are no comments. Be the first!

Create an account to comment!